 Dungeon Crawl Stone Soup version 0.31-a0-117-g42d8f58691 (webtiles) character file.

Game seed: 11612304545319013222

1329 kishors03 the Covered (level 8, -2/70 HPs)
             Began as a Minotaur Berserker on May 30, 2023.
             Was a Priest of Trog.
             Slain by a centaur (3 damage)
             ... on level 6 of the Dungeon on May 31, 2023.
             The game lasted 00:39:20 (4654 turns).

kishors03 the Covered (Minotaur Berserker)          Turns: 4654, Time: 00:39:23

Health: -2/70      AC: 10    Str: 24    XL:     8   Next: 34%
Magic:  7/7        EV: 11    Int:  8    God:    Trog [***...]
Gold:   260        SH:  0    Dex: 10    Spells: 7/7 levels left

rFire   . . .        a - +7 hammer of the Establishment {flame, Int+4}
rCold   . . .        (no shield)
rNeg    . . .        i - +0 scale mail
rPois   .            (helmet restricted)
rElec   .            A - +0 cloak
rCorr   .            (no gloves)
SInv    .            t - +0 pair of boots
Will    .....        r - amulet of regeneration Stlth
                     (no ring)
HPRegen 1.11/turn    (no ring)
MPRegen 0.10/turn

%: no passive effects
@: mighty, marked, on berserk cooldown, slowed, very slow
A: horns 2, retaliatory headbutt
a: Renounce Religion, Berserk, Trog's Hand


You were on level 6 of the Dungeon.
You worshipped Trog.
Trog was most pleased with you.
You visited 2 branches of the dungeon, and saw 7 of its levels.
You also visited: Ossuary.

You collected 260 gold pieces.

Inventory:

Hand Weapons
 a - the +7 hammer of the Establishment (weapon) {flame, Int+4}
   (You found it on level 3 of the Dungeon)

   Int:       It affects your intelligence (+4).
 b - a +0 spectral long sword
 z - a +2 quarterstaff of chaos
 U - a +0 dire flail
Missiles
 m - 38 stones (quivered)
Armour
 i - a +0 scale mail (worn)
 t - a +0 pair of boots (worn)
 A - a +0 cloak (worn)
 M - a +0 scale mail
Magical Staves
 T - a staff of earth
Jewellery
 r - an amulet of regeneration (around neck)
 E - an amulet of the acrobat
Wands
 h - a wand of flame (16)
 F - a wand of charming (21)
 J - a wand of polymorph (5)
Scrolls
 n - 2 scrolls of teleportation
 s - a scroll of poison
 B - a scroll of immolation {unknown}
 L - a scroll of noise
 Q - a scroll of torment {unknown}
 R - a scroll of identify
Potions
 l - a potion of brilliance {unknown}
 u - a potion of curing {unknown}
 D - a potion of attraction {unknown}
 G - a potion of invisibility {unknown}
 I - a potion of cancellation {unknown}
 K - a potion of degeneration {unknown}
 P - 2 potions of haste {unknown}
 S - 2 potions of resistance {unknown}


   Skills:
 + Level 5.9 Fighting
 + Level 2.1 Long Blades
 + Level 5.5(6.5) Axes
 + Level 5.2(6.4) Maces & Flails
 + Level 7.8 Armour
 + Level 4.1 Dodging
 + Level 0.7 Stealth


You had 7 spell levels left.
You didn't know any spells.
Your spell library contained the following spells:

 Spells                   Type           Power      Damage    Failure   Level
 Animate Dead             Necr           0%         N/A       100%        4
 Haunt                    Necr/Summ      0%         N/A       100%        7
 Infestation              Necr           0%         N/A       100%        8


Dungeon Overview and Level Annotations

Branches:
Dungeon (6/15)             Temple (1/1) D:4         Ossuary (visited)

Altars:
Ashenzari
Cheibriados
Dithmenos
Elyvilon
Gozag
Hepliaklqana
Kikubaaqudgha
Makhleb
Nemelex Xobeh
Okawaru
Qazlal
Ru
Sif Muna
Trog
Vehumet
Wu Jian
Xom
Yredelemnul
Zin
The Shining One

Shops:
D:3 (

Annotations:
D:6 Prince Ribbit


Innate Abilities, Weirdness & Mutations

You have a pair of horns on your head.
You reflexively headbutt those who attack you in melee.


Message History

The ogre hits you with a +0 giant spiked club!
The shadow imp closely misses you.
The hound stops to sniff the ground.
You hit the shadow imp. You burn the shadow imp. You headbutt the shadow imp.
You kill the shadow imp!
Trog accepts your kill. The centaur hits you.
The centaur completely misses you.
A shadow imp comes into view.
The gnoll bouda barely misses you. The centaur hits you.
The centaur kicks you but does no damage.
The ogre hits you with a +0 giant spiked club!
* * * LOW HITPOINT WARNING * * *
You feel much better.
The centaur hits you but does no damage.
The centaur kicks you but does no damage.
The gnoll bouda hits you but does no damage.
An orc comes into view. It is wielding a +0 club.
The centaur barely misses you. You furiously retaliate!
You headbutt the centaur! The centaur barely misses you.
The gnoll bouda hits you with a +0 whip!
The ogre hits you with a +0 giant spiked club!
* * * LOW HITPOINT WARNING * * *
You feel very mighty all of a sudden. The centaur closely misses you.
The centaur kicks you but does no damage.
An adder comes into view.
The centaur hits you.
* * * LOW HITPOINT WARNING * * *
The centaur kicks you.
* * * LOW HITPOINT WARNING * * *
The gnoll bouda closely misses you. The scorpion closely misses you.
The ogre hits you with a +0 giant spiked club!
* * * LOW HITPOINT WARNING * * *
You closely miss the scorpion.
The centaur hits you but does no damage.
The centaur kicks you but does no damage.
The scorpion stings you.
* * * LOW HITPOINT WARNING * * *
The centaur hits you.
You die... ....# .... ..F ##.. ##. #.. .... #5# ..... #S#####S##o..# #oJsohOgc{h#

#######@##...# #s#
### #.## #..# ##.#
##.##
#######...#######.#
#.................#
#.#####...#########


You could see an ogre, a centaur, a gnoll bouda, 2 scorpions, 2 hounds, a jelly,
2 adders, a shadow imp and 3 orcs.

Vanquished Creatures
  The ghost of GonguanaGonguana the Digger, an amateur MeEE of Cheibriados (D:5)
  A black bear (D:4)
  A gnoll sergeant (D:5)
  Blork the orc (D:6)
  3 scorpions
  3 hounds (D:5)
  5 orc priests
  A jelly (D:6)
  Crazy Yiuf (D:3)
  An iguana (D:3)
  A sleepcap (D:4)
  4 orc wizards
  A killer bee zombie (Ossuary)
  5 mummies (Ossuary)
  5 gnolls (D:5)
  3 adders
  A shadow imp (D:6)
  A white imp (D:5)
  2 ufetubi (D:4)
  A worm (D:3)
  A dart slug (D:5)
  13 orcs
  7 ball pythons
  4 bats
  2 endoplasms
  4 giant cockroaches
  7 hobgoblins
  14 jackals
  3 quokkas
  A frilled lizard (D:3)
  8 goblins
  5 kobolds
  3 rats
114 creatures vanquished.

Notes
Turn   | Place    | Note
-------+----------+-------------------------------------------
     0 | D:1      | kishors03 the Minotaur Berserker began the quest for the
                  | Orb.
     0 | D:1      | Reached XP level 1. HP: 19/19 MP: 0/0
   227 | D:2      | Reached XP level 2. HP: 27/27 MP: 1/1
   702 | D:2      | Reached XP level 3. HP: 16/33 MP: 2/2
  1536 | D:3      | Reached XP level 4. HP: 34/41 MP: 3/3
  1559 | D:3      | Reached ** piety under Trog
  1582 | D:3      | Reached skill level 5 in Axes
  1746 | D:3      | Reached skill level 3 in Armour
  1746 | D:3      | Reached XP level 5. HP: 47/47 MP: 4/4
  1755 | D:3      | Reached skill level 5 in Fighting
  1826 | D:3      | Found Niciqiem's Weapon Shoppe.
  2232 | D:3      | Reached skill level 1 in Long Blades
  2494 | D:3      | Found a runed translucent door.
  2496 | D:3      | Noticed Crazy Yiuf
  2498 | D:3      | Identified the +7 hammer of the Establishment {flame,
                  | Int+4}
  2511 | D:3      | Killed Crazy Yiuf
  2735 | D:4      | Found a staircase to the Ecumenical Temple.
  2857 | D:4      | Reached XP level 6. HP: 35/56 MP: 5/5
  2919 | D:4      | Reached skill level 1 in Maces & Flails
  2919 | D:4      | Reached skill level 4 in Armour
  3305 | D:4      | Reached XP level 7. HP: 61/61 MP: 6/6
  3599 | Temple   | Entered the Ecumenical Temple
  3848 | D:5      | Entered Level 5 of the Dungeon
  3925 | D:5      | Reached skill level 5 in Armour
  4006 | D:5      | Found a runed translucent door.
  4006 | D:5      | Noticed GonguanaGonguana's ghost (amateur MeEE)
  4072 | D:5      | Found a sand-covered staircase.
  4154 | D:5      | Killed GonguanaGonguana's ghost
  4320 | D:5      | Reached skill level 6 in Armour
  4472 | Ossuary  | Entered an ossuary
  4485 | Ossuary  | Reached XP level 8. HP: 56/70 MP: 7/7
  4488 | Ossuary  | Reached *** piety under Trog
  4556 | D:6      | Noticed Blork the orc
  4570 | D:6      | Killed Blork the orc
  4571 | D:6      | Reached skill level 7 in Armour
  4634 | D:6      | Noticed Prince Ribbit
  4641 | D:6      | Reached skill level 5 in Maces & Flails
  4653 | D:6      | HP: 1/70 [ogre/+0 giant spiked club (11)]
  4654 | D:6      | Slain by a centaur

Illustrated notes

Levels and vault maps discovered:
D:1:      matt_arrival_los_fun, layout_loops_corners
D:2:      layout_loops_cross, minmay_shallow_snake_nest
D:3:      layout_loops_ring, serial_shops, shop, uniq_crazy_yiuf_cottage
D:4:      layout_loops_ring, minmay_temple_entry_sparse_star
D:5:      layout_rooms, enter_ossuary_3, hellmonk_ghost_happy_afterlife
D:6:      layout_loops_ring, chequers_temple_overflow_statue_of_worship,
          minmay_bent, uniq_prince_ribbit1, uniq_blork_the_orc, uniq_maggie
Temple:   nicolae_temple_bog_church

Skill      XL: |  1  2  3  4  5  6  7  8 |
---------------+-------------------------+-----
Fighting       | 4 5 |  5.9
Axes           | 4 5 |  5.5
Dodging        | 3 4 |  4.1
Armour         | 3 4 6 7 |  7.8
Long Blades    | 1 2 |  2.1
Maces & Flails | 2 4 5 |  5.2
Stealth        | |  0.7

Action                     |  1- 3 |  4- 6 |  7- 9 || total
---------------------------+-------+-------+-------++-------
  Melee: Hand axe          |    55 |       |       ||    55
         Headbutt          |     8 |    37 |    11 ||    56
         Long sword        |       |    98 |       ||    98
         Mace              |       |    51 |    79 ||   130
         Punch             |       |     1 |     2 ||     3
  Throw: Throwing net      |       |       |     1 ||     1
 Invoke: Berserk           |       |     3 |     2 ||     5
    Use: Scroll            |     4 |     4 |       ||     8
         Potion            |       |       |     2 ||     2
 Armour: Animal skin       |    14 |       |       ||    14
         Scale mail        |     1 |    53 |    45 ||    99
  Dodge: Dodged            |    50 |    58 |    56 ||   164

Table legend: (Time is in decaauts)
 A = Elapsed time spent in this place.
 B = Non-inter-level travel time spent in this place.
 C = Inter-level travel time spent in this place.
 D = Time resting spent in this place.
 E = Time spent auto-exploring this place.
 F = Levels seen in this place.
 G = Mean time per level.
                   A        B        C        D        E       F      G
               +--------+--------+--------+--------+--------+-----+--------+
         Total |   4758 |   4586 |    172 |    661 |   1134 |   8 |  594.8 |
       Dungeon |   4444 |   4287 |    157 |    661 |   1134 |   6 |  740.7 |
        Temple |    239 |    224 |     15 |      0 |      0 |   1 |  239.0 |
       Ossuary |     74 |     74 |      0 |      0 |      0 |   1 |   74.0 |
               +--------+--------+--------+--------+--------+-----+--------+

Top non-repeatable levels by time:
     D:2: 1324 daAuts
     D:3: 1281 daAuts
     D:4: 908 daAuts
     D:5: 648 daAuts
  Temple: 239 daAuts
     D:1: 181 daAuts
     D:6: 99 daAuts
 Ossuary: 74 daAuts
